 Dungeon Crawl Stone Soup version 0.25-a0-167-g836c352ace (webtiles) character file.

Game seed: 8953577275085793511, levelgen mode: deterministic

7280 Lanoc the Archer (level 10, -1/82 HPs)
             Began as a Demonspawn Hunter on Nov 25, 2019.
             Was a High Priest of Okawaru.
             Slain by an orc warrior
             ... wielding a +2 dire flail of protection
              (21 damage)
             ... on level 10 of the Dungeon.
             The game lasted 00:18:22 (8388 turns).

Lanoc the Archer (Demonspawn Hunter)                Turns: 8388, Time: 00:18:22

Health: -1/82      AC: 10    Str: 15    XL:     10   Next: 89%
Magic:  0/10       EV: 18    Int: 12    God:    Okawaru [*****.]
Gold:   313        SH:  0    Dex: 19    Spells: 9/9 levels left

rFire    . . .     SeeInvis .   a - +1 shortbow
rCold    + . .     Gourm    .   (shield currently unavailable)
rNeg     . . .     Faith    .   E - +4 robe of the Soldier {rC+ Dex+4}
rPois    .         Spirit   +   (helmet restricted)
rElec    .         Reflect  .   i - scarf {Spirit}
rCorr    .         Harm     .   (no gloves)
MR       .....                  g - +1 pair of boots
Stlth    ++........             J - amulet of regeneration
HPRegen  0.63/turn              (no ring)
MPRegen  0.12/turn              (no ring)

@: no status effects
A: antennae 1, iridescent scales 1, powered by pain 2, spiny 2
a: Heroism, Finesse, Renounce Religion


You were on level 10 of the Dungeon.
You worshipped Okawaru.
Okawaru was extremely pleased with you.
You were not hungry.

You visited 2 branches of the dungeon, and saw 11 of its levels.

You collected 553 gold pieces.
You spent 240 gold pieces at shops.

Inventory:

Hand Weapons
 a - a +1 shortbow (weapon)
 b - a +0 short sword
 r - a +1 hunting sling of flaming
Missiles
 d - 162 arrows (quivered)
 e - 6 sling bullets
 j - 336 stones
Armour
 g - a +1 pair of boots (worn)
 i - a scarf of spirit shield (worn)
 k - a +0 plate armour
 y - a +3 ring mail of fire resistance
 E - the +4 robe of the Soldier (worn) {rC+ Dex+4}
   (You found it on level 8 of the Dungeon)

   It affects your dexterity (+4).
   It protects you from cold.
Jewellery
 J - an amulet of regeneration (around neck)
Wands
 m - a wand of enslavement (8)
 x - a wand of flame (18)
 H - a wand of scattershot (2)
 N - a wand of paralysis (11)
Scrolls
 c - 5 scrolls of amnesia {unknown}
 l - 7 scrolls of teleportation
 n - a scroll of immolation {unknown}
 o - 3 scrolls of enchant armour
 q - a scroll of torment {unknown}
 s - a scroll of blinking
 u - 3 scrolls of magic mapping
 v - a scroll of enchant weapon
 C - a scroll of fear
 F - 3 scrolls of identify
 G - 2 scrolls of remove curse
Potions
 h - a potion of ambrosia
 p - 2 potions of degeneration
 t - 2 potions of brilliance
 w - 2 potions of might
 z - a potion of magic
 A - 2 potions of heal wounds
 B - a potion of lignification
 D - a potion of cancellation
 I - a potion of mutation {unknown}
 L - 2 potions of berserk rage {unknown}
 M - 2 potions of curing {unknown}
Miscellaneous
 K - a phantom mirror
Comestibles
 f - 15 rations


   Skills:
 + Level 8.4 Fighting
 * Level 11.1 Bows
 + Level 3.1 Armour
 + Level 7.7 Dodging
 - Level 0.8 Stealth
 + Level 1.2 Invocations


You had 9 spell levels left.
You didn't know any spells.
Your spell library contained the following spells:

 Spells                   Type           Power        Failure   Level  Hunger
 Sandblast                Erth           #.....       32%         1    ##.....
 Passwall                 Tmut/Erth      #.......     45%         2    ###....
 Stone Arrow              Conj/Erth      #.....       69%         3    ####...
 Petrify                  Tmut/Erth      #.......     97%         4    #####..
 Lee's Rapid Deconstruct  Erth           #.........   100%        5    ######.


Dungeon Overview and Level Annotations

Branches:
Dungeon (10/15)            Temple (1/1) D:4            Lair (0/6) D:8
    Orc: D:9-12

Altars:
Ashenzari
Cheibriados
Elyvilon
Kikubaaqudgha
Makhleb
Okawaru
Sif Muna
Trog
Wu Jian
Yredelemnul

Shops:
D:4 [   D:7 *:?


Innate Abilities, Weirdness & Mutations

You have a pair of small antennae on your head.
You are partially covered in iridescent scales. (AC +2)
You sometimes gain power by taking damage.
You are mostly covered in sharp spines.


Message History

The orc warrior barely misses you.
Firing (i - inventory. (/) - cycle)
d - 165 arrows (quivered)
Press: ? - help, Shift-Dir - straight line, f/p - orc warrior
Aim: an orc warrior, wielding a +2 dire flail of protection and wearing a cursed +0 chain mail (heavily wounded)
You shoot an arrow.
The arrow closely misses the orc warrior.
The orc warrior hits you with a +2 dire flail of protection.
* * * LOW HITPOINT WARNING * * *
Firing (i - inventory. (/) - cycle)
d - 164 arrows (quivered)
Press: ? - help, Shift-Dir - straight line, f/p - orc warrior
Aim: an orc warrior, wielding a +2 dire flail of protection and wearing a cursed +0 chain mail (heavily wounded)
You shoot an arrow. The arrow hits the orc warrior.
The orc warrior is severely wounded.
Firing (i - inventory. (/) - cycle)
d - 163 arrows (quivered)
Press: ? - help, Shift-Dir - straight line, f/p - orc warrior
Aim: an orc warrior, wielding a +2 dire flail of protection and wearing a cursed +0 chain mail (severely wounded)
You shoot an arrow.
The arrow closely misses the orc warrior.
The orc warrior hits you with a +2 dire flail of protection!!
You die...

#.##.......†.#.#
########....######÷.#.#
.........##.######..#.#
########.##...........#
#.##.####.#...##
...######.##.####...#..>
.......(..##.#....#...##
..####).......#.....##
#@######.....### #o#
##.#..# .(( #.......
.###. ###..#### #. ..
#..# # (# #..# .# #... .
##


You could see an orc warrior.

Vanquished Creatures
  2 two-headed ogres
  Pikel (D:6)
  Prince Ribbit (D:6)
  Grinder (D:6)
  A hippogriff (D:8)
  A shadow (D:9)
  A wraith (D:10)
  A wyvern (D:10)
  A yak (D:8)
  A basilisk (D:8)
  Edmund (D:6)
  Duvessa (D:4)
  3 ice beasts
  3 orc warriors
  A black bear (D:9)
  A necrophage (D:9)
  5 ogres
  2 centaurs
  2 crocodiles
  3 bullfrogs
  6 scorpions
  Dowan (D:4)
  10 wights
  5 crimson imps
  2 bullfrog zombies
  6 jellies
  5 hounds
  3 bullfrog skeletons
  A gnoll shaman (D:8)
  4 orc priests
  9 orc wizards
  5 iguanas
  A worker ant (D:9)
  A killer bee zombie (D:5)
  A hound zombie (D:5)
  A hound skeleton (D:5)
  8 gnolls
  10 adders
  2 shadow imps
  An ooze (D:6)
  2 adder zombies
  An adder skeleton (D:6)
  4 worms (D:2)
  2 dart slugs (D:3)
  7 leopard geckos
  30 orcs
  A ball python (D:2)
  10 giant cockroaches
  6 goblins
  3 hobgoblins
  10 jackals
  3 quokkas
  8 bats
  6 frilled lizards (D:2)
  7 kobolds
  A quokka zombie (D:6)
  7 rats
223 creatures vanquished.

Vanquished Creatures (others)
  A bullfrog zombie (D:6)
1 creature vanquished.

Grand Total: 224 creatures vanquished

Notes
Turn   | Place    | Note
-------+----------+-------------------------------------------
     0 | D:1      | Lanoc the Demonspawn Hunter began the quest for the Orb.
     0 | D:1      | Reached XP level 1. HP: 16/16 MP: 1/1
   163 | D:1      | Gained mutation: You sometimes gain a little power by
                  | taking damage. [demonic ancestry]
   163 | D:1      | Reached XP level 2. HP: 18/22 MP: 2/2
   327 | D:1      | Reached skill level 4 in Bows
   602 | D:2      | Noticed a crimson imp
   648 | D:2      | Reached XP level 3. HP: 12/28 MP: 3/3
   791 | D:2      | Gained mutation: You sometimes gain power by taking damage.
                  | [demonic ancestry]
   791 | D:2      | Reached XP level 4. HP: 25/34 MP: 4/4
  1043 | D:2      | Found a white marble altar of Elyvilon.
  1182 | D:2      | Noticed a moth of wrath
  1186 | D:2      | Found a bloodstained altar of Trog.
  1356 | D:2      | Found a basalt altar of Yredelemnul.
  1407 | D:2      | Found a white marble altar of Elyvilon.
  1440 | D:3      | Noticed an orc warrior
  1470 | D:2      | Killed an orc warrior
  1470 | D:2      | Reached skill level 5 in Bows
  1470 | D:2      | Reached XP level 5. HP: 21/41 MP: 3/5
  1520 | D:3      | Found a shimmering blue altar of Sif Muna.
  1662 | D:3      | Noticed an ice beast
  1672 | D:3      | Killed an ice beast
  1672 | D:3      | Gained mutation: You are partially covered in sharp spines.
                  | [demonic ancestry]
  1672 | D:3      | Reached XP level 6. HP: 40/47 MP: 6/6
  1745 | D:3      | Found an iron altar of Okawaru.
  1752 | D:3      | Became a worshipper of Warmaster Okawaru
  2025 | D:4      | Found Navel's Armour Emporium.
  2080 | D:4      | Noticed Dowan
  2085 | D:4      | Killed Dowan
  2088 | D:4      | Noticed Duvessa
  2474 | D:4      | Killed Duvessa
  2474 | D:4      | Reached skill level 6 in Bows
  2474 | D:4      | Gained mutation: You are partially covered in iridescent
                  | scales. (AC +2) [demonic ancestry]
  2474 | D:4      | Reached XP level 7. HP: 39/54 MP: 4/7
  2586 | D:4      | Found a staircase to the Ecumenical Temple.
  2599 | Temple   | Entered the Ecumenical Temple
  2842 | D:5      | Entered Level 5 of the Dungeon
  2991 | D:5      | Found a snail-covered altar of Cheibriados.
  2991 | D:5      | Found a shattered altar of Ashenzari.
  2992 | D:5      | Found a burning altar of Makhleb.
  3021 | D:5      | Reached * piety under Okawaru
  3801 | D:6      | Reached skill level 7 in Bows
  3807 | D:6      | Found an iron altar of Okawaru.
  3894 | D:6      | Noticed Prince Ribbit
  3917 | D:6      | Killed Prince Ribbit
  3917 | D:6      | Reached ** piety under Okawaru
  3917 | D:6      | Reached skill level 5 in Fighting
  3917 | D:6      | Gained mutation: You have a pair of small antennae on your
                  | head. [demonic ancestry]
  3917 | D:6      | Reached XP level 8. HP: 49/62 MP: 8/8
  3971 | D:6      | Noticed Edmund
  3990 | D:6      | Killed Edmund
  3990 | D:6      | Reached skill level 5 in Dodging
  4189 | D:6      | Noticed Grinder
  4205 | D:6      | Killed Grinder
  4205 | D:6      | Reached skill level 8 in Bows
  4234 | D:6      | Noticed Pikel
  4280 | D:6      | Killed Pikel
  4280 | D:6      | Reached *** piety under Okawaru
  4280 | D:6      | Reached XP level 9. HP: 8/70 MP: 2/9
  4576 | D:6      | Found an ornate altar of the Wu Jian Council.
  5067 | D:6      | Reached skill level 9 in Bows
  5167 | D:7      | Got a transparent robe
  5178 | D:7      | Identified the cursed +1 robe of Vanity {rElec Stlth+} (You
                  | found it on level 7 of the Dungeon)
  5216 | D:7      | Found Rollio's General Store.
  5265 | D:7      | Bought a potion of lignification for 33 gold pieces
  5349 | D:7      | Found Hiazuhux's Book Shoppe.
  5515 | D:7      | Found Uwoquab's Magic Scroll Shoppe.
  5526 | D:7      | Bought a scroll of blinking for 97 gold pieces
  5526 | D:7      | Bought a scroll of fear for 45 gold pieces
  5526 | D:7      | Bought a scroll of identify for 26 gold pieces
  5526 | D:7      | Bought a scroll of teleportation for 39 gold pieces
  6014 | D:7      | Reached **** piety under Okawaru
  6297 | D:8      | Got a smoking robe
  6308 | D:8      | Identified the +4 robe of the Soldier {rC+ Dex+4} (You
                  | found it on level 8 of the Dungeon)
  6356 | D:8      | Found an ancient bone altar of Kikubaaqudgha.
  6398 | D:8      | Found a staircase to the Lair.
  6426 | D:8      | Reached skill level 10 in Bows
  6435 | D:8      | Gained mutation: You are mostly covered in sharp spines.
                  | [demonic ancestry]
  6435 | D:8      | Reached XP level 10. HP: 50/79 MP: 4/10
  6449 | D:8      | Received a gift from Okawaru
  7177 | D:8      | Reached skill level 1 in Armour
  7231 | D:8      | Noticed a two-headed ogre
  7240 | D:8      | Killed a two-headed ogre
  7585 | D:9      | Noticed a two-headed ogre
  7599 | D:9      | Killed a two-headed ogre
  7599 | D:9      | Reached ***** piety under Okawaru
  7603 | D:9      | Received a gift from Okawaru
  7603 | D:9      | Reached skill level 11 in Bows
  8143 | D:10     | Entered Level 10 of the Dungeon
  8243 | D:10     | Reached skill level 1 in Invocations
  8280 | D:10     | Received a gift from Okawaru
  8388 | D:10     | Slain by an orc warrior

Levels and vault maps discovered:
D:1:      wander_arrival_peaceful_grave, layout_basic, minmay_tetromino_o4
D:2:      layout_rooms, kennysheep_ying_yang, tgw_trog, serial_corexii_hall,
          chequers_hall_statues_wall_a, corexii_hall_statues_u,
          lemuel_altar_in_water
D:3:      layout_rooms, lemuel_round_altar, nicolae_overflow_hidden_temple,
          lemuel_crystal_altar, first_ration, corner_web_ring
D:4:      layout_rooms, minmay_temple_entry_trees, serial_shops, shop,
          uniq_duvessa
D:5:      layout_loops_ring, gammafunk_temple_overflow_claw,
          minmay_misc_feat_nine_boxes
D:6:      layout_basic, kennysheep_little_box, okawaru_trees_2,
          uniq_prince_ribbit1, uniq_grinder, uniq_pikel, uniq_edmund
D:7:      layout_loops_cross, serial_shops, shop, shop, shop
D:8:      layout_gridville, overflow_temple_1_default, david_lair_generic,
          grunt_pizzeria, hangedman_abyss_or_decor_stabs
D:9:      layout_loops_cross, chequers_mini_garden
D:10:     layout_loops_ring, david_orc_5, serial_shops,
          nicolae_shop_behind_doors, ploomutoo_gammafunk_ghost_potion_laboratory
Temple:   minmay_temple_curvy_loop

Skill      XL: |  1  2  3  4  5  6  7  8  9 10 |
---------------+-------------------------------+-----
Dodging        | 2 3 4 5 6 7 |  7.7
Bows           | 4 5 6 7 8 10 11 | 11.1
Fighting       | 3 4 5 6 7 8 |  8.4
Armour         | 3 |  3.1
Invocations    | 1 |  1.2
Stealth        | |  0.8

Action                   |  1- 3 |  4- 6 |  7- 9 | 10-12 || total
-------------------------+-------+-------+-------+-------++-------
 Fire: Shortbow          |    35 |       |   188 |   278 ||   501
       Hunting sling     |    77 |   170 |   232 |       ||   479
Invok: Heroism           |       |       |     3 |       ||     3
  Use: Potion            |       |     2 |     3 |       ||     5
       Scroll            |       |       |    14 |       ||    14
  Eat: Chunk             |       |     4 |    12 |     6 ||    22
Armor: Leather armour    |    12 |       |       |       ||    12
       Ring mail         |    15 |    14 |    35 |       ||    64
       Robe              |       |       |       |    16 ||    16
Dodge: Dodged            |    48 |    53 |    96 |    60 ||   257

Table legend:
 A = Non-vault XP
 B = Vault XP
 C = Vault XP percentage of total XP
 D = Non-vault monster count
 E = Vault monster count
 F = Vault count percentage of total count
                 A         B        C        D         E       F
            +---------+---------+-------+---------+---------+-------
      Total |    7912 |    2489 |  23.9 |     205 |      18 |   8.1
            +---------+---------+-------+---------+---------+-------
        D:1 |      22 |       4 |  15.4 |      13 |       2 |  13.3
        D:2 |     219 |      17 |   7.2 |      25 |       5 |  16.7
        D:3 |     197 |       0 |   0.0 |      25 |       0 |   0.0
        D:4 |     204 |     211 |  50.8 |      20 |       2 |   9.1
        D:5 |     354 |       0 |   0.0 |      12 |       0 |   0.0
        D:6 |     942 |    1381 |  59.4 |      29 |       4 |  12.1
        D:7 |    1152 |       0 |   0.0 |      29 |       0 |   0.0
        D:8 |    2002 |     876 |  30.4 |      26 |       5 |  16.1
        D:9 |    2061 |       0 |   0.0 |      16 |       0 |   0.0
       D:10 |     759 |       0 |   0.0 |      10 |       0 |   0.0
            +---------+---------+-------+---------+---------+-------
